 Dungeon Crawl Stone Soup version 0.30-a0-652-gcc886f7154 (webtiles) character file.

Game seed: 5549249285396739691

93 wormed the Grasshopper (level 4, -2/30 HPs)
             Began as an Octopode Warper on Jan 18, 2023.
             Killed by divine providence
             ... invoked by an orc priest
              (16 damage)
             ... on level 3 of the Dungeon.
             The game lasted 00:03:23 (2125 turns).

wormed the Grasshopper (Octopode Warper)            Turns: 2125, Time: 00:03:24

Health: -2/30      AC:  1    Str: 10    XL:     4   Next: 62%
Magic:  7/7        EV: 13    Int: 17    God:
Gold:   73         SH:  0    Dex: 11    Spells: 3/8 levels left

rFire   . . .      SeeInvis .      - Unarmed
rCold   . . .      Faith    .    (no shield)
rNeg    . . .      Spirit   .    (helmet restricted)
rPois   .          Reflect  .    (no amulet)
rElec   .          Harm     .    h - ring of resist corrosion
rCorr   +          Rampage  .    (no ring)
Will    .....                    (no ring)
Stlth   ++                       (no ring)
HPRegen 0.25/turn                (no ring)
MPRegen 0.10/turn                (no ring)
                                 (no ring)
                                 (no ring)

@: no status effects
A: almost no armour, amphibious, 8 rings, camouflage 1, gelatinous body 1,
(nimble swimmer 1), tentacles
a: no special abilities


You were on level 3 of the Dungeon.
You visited 1 branch of the dungeon, and saw 4 of its levels.

You collected 73 gold pieces.

Inventory:

Missiles
 d - 2 poisoned darts (quivered)
Jewellery
 h - a ring of resist corrosion (left tentacle)
Scrolls
 a - a scroll of enchant armour {unknown}
 b - a scroll of amnesia {unknown}
 c - a scroll of teleportation
 f - a scroll of identify
Potions
 e - 2 potions of curing
 i - a potion of degeneration {unknown}
 l - a potion of cancellation {unknown}


   Skills:
 - Level 2.7 Fighting
 - Level 1.0 Throwing
 - Level 3.0 Dodging
 - Level 2.6 Unarmed Combat
 - Level 2.6 Spellcasting
 * Level 1.5 Summonings
 - Level 3.0 Translocations


You had 3 spell levels left.
You knew the following spells:

 Your Spells              Type           Power      Damage    Failure   Level
a - Blink                 Tloc           24%        N/A       9%          2
b - Call Canine Familiar  Summ           7%         N/A       28%         3

Your spell library contained the following spells:

 Spells                   Type           Power      Damage    Failure   Level
 Lesser Beckoning         Tloc           24%        N/A       9%          2
 Teleport Other           Tloc           12%        N/A       16%         3
 Portal Projectile        Hex/Tloc       14%        N/A       30%         3
 Vhi's Electric Charge    Tloc/Air       14%        N/A       30%         3
 Manifold Assault         Tloc           12%        N/A       47%         4
 Leda's Liquefaction      Hex/Erth       1%         N/A       88%         4


Dungeon Overview and Level Annotations

Branches:
Dungeon (4/15)
 Temple: D:4-7

Altars:
Zin

Annotations:
D:3 Grinder
D:4 Menkaure, Sigmund


Innate Abilities, Weirdness & Mutations

You cannot wear most types of armour.
You are amphibious.
You can wear up to eight rings at the same time.
Your skin changes colour to match your surroundings (Stealth+).
Your rubbery body absorbs attacks. (AC +1, EV +1)
((You are camouflaged when in or above water. (Stealth+)))
You have tentacles for arms and can constrict up to eight enemies at once.


Message History

You hear a shout!
An orc priest comes into view. It is wielding a +0 whip.
You tentacle-slap the hobgoblin. Your grab misses the hobgoblin.
Your squeeze misses the hobgoblin.
The hobgoblin is almost dead.
The hobgoblin closely misses you. The hobgoblin attacks as you move away!
The hobgoblin misses you.
The orc wizard casts a spell.
The orc wizard flickers and vanishes!
Deactivating autopickup; reactivate with Ctrl-A.
The hobgoblin attacks as you move away!
The hobgoblin hits you but does no damage.
The orc priest calls down the wrath of Beogh upon you.
Beogh smites you!
You barely miss the hobgoblin. Your grab misses the hobgoblin.
The hobgoblin is almost dead.
The hobgoblin misses you.
You barely miss the hobgoblin. You grab the hobgoblin.
You squeeze the hobgoblin.
You kill the hobgoblin!
The orc misses you.
You closely miss the orc. You grab the orc. You squeeze the orc.
The orc is moderately wounded.
You constrict the orc. The orc closely misses you.
You tentacle-slap the orc but do no damage.
You squeeze the orc.
You kill the orc!
You closely miss something.
The orc priest looks satisfied for a moment.
Something hits you but does no damage.
You tentacle-slap something but do no damage.
Your squeeze misses something. Something hits you.
You barely miss something. Something hits you.
You barely miss something. You squeeze something. Something hits you.
You barely miss something. Something hits you but does no damage.
You closely miss something. Your squeeze misses something. Something hits you.
The orc priest mumbles some strange prayers to Beogh against you.
Beogh smites you!
Ouch! That really hurt!
You die...

. #.###.#....###.##
[##..##.#........##
..................#
.....##.####.###.##
..#..##.# #.# #.#
..#..##.## #.# #.#
.........# #.# #.#
..#..##..# #.# #.#
..#..##..# #.# #@#
..#..##..# #.# #{#
..#..##..###.###o##
...........)....o.#
..#..##..###.##..##
#............ #..#
####......... ....
.###.##..######..#
.....# ..# #..#


You could see an orc priest and an orc.

Vanquished Creatures
  A hound (D:2)
  2 adders
  A gnoll (D:1)
  A worm (D:2)
  An orc (D:3)
  4 bats
  4 endoplasms
  A goblin (D:1)
  A hobgoblin (D:3)
  4 jackals (D:3)
  4 quokkas
  5 ball pythons
  2 frilled lizards (D:3)
  3 kobolds
  A rat (D:1)
35 creatures vanquished.

Vanquished Creatures (others)
  A plant (D:1)
1 creature vanquished.

Grand Total: 36 creatures vanquished

Notes
Turn   | Place    | Note
-------+----------+-------------------------------------------
     0 | D:1      | wormed the Octopode Warper began the quest for the Orb.
     0 | D:1      | Reached XP level 1. HP: 14/14 MP: 3/3
    22 | D:1      | Reached XP level 2. HP: 2/19 MP: 5/5
   199 | D:1      | Learned a level 2 spell: Blink
   434 | D:1      | Found a faded altar of an unknown god.
  1052 | D:2      | Reached XP level 3. HP: 25/25 MP: 6/6
  1481 | D:3      | Reached XP level 4. HP: 29/30 MP: 7/7
  1561 | D:3      | Noticed Grinder
  1602 | D:3      | Paralysed by Grinder for 3 turns
  1640 | D:3      | Learned a level 3 spell: Call Canine Familiar
  1802 | D:3      | Found a glowing silver altar of Zin.
  1812 | D:3      | You fall into a shaft and drop 1 floor!
  1836 | D:4      | Noticed Menkaure
  1841 | D:4      | Reached skill level 1 in Summonings
  1916 | D:4      | Noticed Sigmund
  1943 | D:4      | Noticed an ogre
  2125 | D:3      | Killed from afar by an orc priest

Illustrated notes

Levels and vault maps discovered:
D:1:      nicolae_arrival_washed_ashore, layout_rooms,
          hellmonk_ecumenical_altar_slurped_away, serial_bayou_lake_a
D:2:      layout_loops_ring
D:3:      layout_basic, mainiacjoe_overflow_six_doors_small,
          mainiacjoe_overflow_surrounded_room, gammafunk_temple_overflow_statue,
          grunt_ministairs_5, uniq_grinder
D:4:      minmay_chambers_of_fours, layout_cave_pools, amcnicky_altar_gilded,
          uniq_sigmund, uniq_menkaure

Skill      XL: |  1  2  3  4 |
---------------+-------------+-----
Dodging        | 3 |  3.0
Summonings     | 1 |  1.5
Fighting       | |  2.7
Throwing       | |  1.0
Unarmed Combat | |  2.6
Spellcasting   | |  2.6
Translocations | |  3.0

Action                   |  1- 3 |  4- 6 || total
-------------------------+-------+-------++-------
Melee: Unarmed           |    44 |    46 ||    90
       Constrict         |    12 |    10 ||    22
       Tentacles         |     9 |    13 ||    22
       Punch             |     2 |     1 ||     3
Throw: Boomerang         |     7 |       ||     7
  Use: Scroll            |     7 |     2 ||     9
       Potion            |     1 |     3 ||     4
 Stab: Sleeping          |     4 |     1 ||     5
Armor: Skin              |     3 |     5 ||     8
Dodge: Dodged            |    27 |    36 ||    63

Table legend: (Time is in decaauts)
 A = Elapsed time spent in this place.
 B = Non-inter-level travel time spent in this place.
 C = Inter-level travel time spent in this place.
 D = Time resting spent in this place.
 E = Time spent auto-exploring this place.
 F = Levels seen in this place.
 G = Mean time per level.
                   A        B        C        D        E       F      G
               +--------+--------+--------+--------+--------+-----+--------+
         Total |   2121 |   2010 |    111 |      0 |   1642 |   4 |  530.2 |
       Dungeon |   2121 |   2010 |    111 |      0 |   1642 |   4 |  530.2 |
               +--------+--------+--------+--------+--------+-----+--------+

Top non-repeatable levels by time:
     D:1: 796 daAuts
     D:2: 670 daAuts
     D:3: 512 daAuts
     D:4: 141 daAuts
